 Dungeon Crawl Stone Soup version 0.27-a0-223-ge082b6e869 (webtiles) character file.

Game seed: 12374693115782129826

1453 timneilson the Covered (level 8, 0/49 HPs)
             Began as a Gargoyle Fighter on Feb 1, 2021.
             Was a Follower of Okawaru.
             Killed by divine providence
             ... invoked by an orc priest
              (14 damage)
             ... on level 6 of the Dungeon.
             The game lasted 00:10:02 (4991 turns).

timneilson the Covered (Gargoyle Fighter)           Turns: 4991, Time: 00:10:02

Health: 0/49       AC: 19    Str: 22    XL:     8   Next: 75%
Magic:  7/8        EV: 10    Int:  9    God:    Okawaru [*.....]
Gold:   324        SH: 10    Dex:  9    Spells: 7/7 levels left

rFire    . . .     SeeInvis .   a - +1 long sword
rCold    . . .     Faith    .   c - +0 kite shield
rNeg     + . .     Spirit   .   k - +0 chain mail
rPois    ∞         Reflect  .   d - +2 helmet
rElec    +         Harm     .   (no cloak)
rCorr    .         Rampage  .   (no gloves)
Will     +....                  (no boots)
Stlth    ..........             (no amulet)
HPRegen  0.16/turn              g - ring of willpower
MPRegen  0.11/turn              m - +4 ring of evasion

@: no status effects
A: negative energy resistance 1, electricity resistance, unbreathing,
petrification resistance, miasma immunity, AC +5
a: Renounce Religion, Heroism


You were on level 6 of the Dungeon.
You worshipped Okawaru.
Okawaru was aware of your devotion.
You visited 1 branch of the dungeon, and saw 6 of its levels.

You collected 324 gold pieces.

Inventory:

Hand Weapons
 a - a +1 long sword (weapon)
Armour
 c - a +0 kite shield (worn)
 d - a +2 helmet (worn)
 k - a +0 chain mail (worn)
Jewellery
 g - a ring of willpower (left hand)
 m - a +4 ring of evasion (right hand)
Wands
 b - a wand of flame (27)
 q - a wand of acid (12)
Scrolls
 e - 8 scrolls of teleportation
 i - a scroll of remove curse
 s - a scroll of fog
Potions
 f - 2 potions of attraction
 j - 2 potions of resistance
 l - 2 potions of flight
 n - 4 potions of lignification
 p - a potion of curing


   Skills:
 + Level 5.2 Fighting
 * Level 5.1 Long Blades
 * Level 6.7 Armour
 * Level 6.6 Shields
 + Level 1.3 Invocations
 + Level 2.3 Evocations


You had 7 spell levels left.
You didn't know any spells.
Your spell library contained the following spells:

 Spells                   Type           Power        Failure   Level
 Corona                   Hex            0%           100%        1
 Magic Dart               Conj           0%           100%        1
 Blink                    Tloc           N/A          100%        2
 Call Imp                 Summ           0%           100%        2
 Ensorcelled Hibernation  Hex/Ice        0%           100%        2
 Slow                     Hex            0%           100%        2
 Confusing Touch          Hex            0%           100%        3
 Conjure Flame            Conj/Fire      0%           100%        3
 Dazzling Flash           Conj/Hex       0%           100%        3
 Mephitic Cloud           Conj/Pois/Air  0%           100%        3
 Tukima's Dance           Hex            0%           100%        3


Dungeon Overview and Level Annotations

Branches:
Dungeon (6/15)
 Temple: D:4-7

Altars:
Cheibriados
Elyvilon
Gozag
Okawaru
Ru
Uskayaw
Wu Jian
Yredelemnul
Zin
The Shining One

Shops:
D:5 *[!

Annotations:
D:6 Edmund


Innate Abilities, Weirdness & Mutations

You are resistant to torment.
Your stone body is resilient. (AC +5)
You are immune to poison.
You resist negative energy. (rN+)
You are resistant to electric shocks. (rElec)
You can survive without breathing.
You are immune to petrification.
You are immune to miasma.


Message History

The orc warrior is heavily wounded.
Edmund the Younger comes into view.
He is wielding a +2 flail of protection and carrying a wand of random effects (9).
The orc warrior misses you.
You feel yourself speed up.
The orc priest looks braver for a moment.
The orc warrior hits you but does no damage.
It was a potion of brilliance.
You feel clever all of a sudden.
It was a potion of cancellation.
Your magical effects are unravelling.
You feel magically purged.
You feel yourself slow down.
You feel a little less clever now.
You feel like a meek peon again.
The orc priest calls down the wrath of Beogh upon you.
Beogh smites you!
* * * LOW HITPOINT WARNING * * *
The orc warrior hits you but does no damage.
The orc priest invokes the aid of Beogh against you.
Beogh smites you!
You die...

....# ...# (..# .@#
.######o#######
......ooo..oo.. #ol#
##o# #@# #.## #..#
##.##
#..#####.#######
##.##..........#
#####'##.##.#####.##
#......#.#..........
#......#.#...##.#.#.


You could see Edmund, an orc warrior, 2 orc priests, 3 orcs and a leopard gecko.

Vanquished Creatures
  Pikel (D:4)
  An orc warrior (D:6)
  A necrophage (D:6)
  3 lemures (D:4)
  A phantom (D:3)
  2 orc priests
  A bullfrog skeleton (D:5)
  3 hounds
  Ijyb (D:4)
  An iguana (D:5)
  2 orc wizards
  Natasha (thrice) (D:3)
  8 worker ants
  A hound skeleton (D:4)
  Robin (D:3)
  4 adders
  A white imp (D:5)
  An ufetubus (D:5)
  An ooze (D:2)
  2 adder skeletons (D:4)
  An adder zombie (D:5)
  4 worms
  A dart slug (D:2)
  6 leopard geckos
  27 orcs
  6 giant cockroaches
  7 hobgoblins
  2 jackals (D:3)
  4 kobolds
  2 quokkas
  2 ball pythons (D:2)
  8 bats
  2 frilled lizards (D:1)
  7 goblins
  A leopard gecko skeleton (D:4)
  A leopard gecko zombie (D:5)
  A quokka skeleton (D:5)
  8 rats
129 creatures vanquished.

Vanquished Creatures (others)
  A goblin (D:3)
  2 plants (D:2)
3 creatures vanquished.

Grand Total: 132 creatures vanquished

Notes
Turn   | Place    | Note
-------+----------+-------------------------------------------
     0 | D:1      | timneilson the Gargoyle Fighter began the quest for the
                  | Orb.
     0 | D:1      | Reached XP level 1. HP: 14/14 MP: 1/1
   153 | D:1      | Reached XP level 2. HP: 19/19 MP: 2/2
   970 | D:2      | Reached XP level 3. HP: 23/23 MP: 3/3
  1583 | D:2      | Reached XP level 4. HP: 26/28 MP: 4/4
  1807 | D:2      | Found a snail-covered altar of Cheibriados.
  2304 | D:3      | Reached XP level 5. HP: 29/33 MP: 5/5
  2484 | D:3      | Found a sacrificial altar of Ru.
  2495 | D:3      | Noticed a phantom
  2507 | D:3      | Killed a phantom
  2542 | D:3      | Reached XP level 6. HP: 38/38 MP: 6/6
  2786 | D:3      | Noticed Robin
  2791 | D:3      | Noticed Natasha
  2805 | D:3      | Killed Robin
  2819 | D:3      | Killed Natasha
  3017 | D:3      | Noticed Natasha
  3026 | D:3      | Killed Natasha
  3034 | D:3      | Noticed Natasha
  3042 | D:3      | Killed Natasha
  3081 | D:4      | Found a white marble altar of Elyvilon.
  3094 | D:4      | Reached skill level 5 in Armour
  3094 | D:4      | Reached skill level 5 in Shields
  3550 | D:4      | Noticed Ijyb
  3577 | D:4      | Killed Ijyb
  3578 | D:4      | Reached XP level 7. HP: 37/44 MP: 7/7
  3647 | D:4      | Found an ornate altar of the Wu Jian Council.
  3649 | D:4      | Found a basalt altar of Yredelemnul.
  3650 | D:4      | Found an iron altar of Okawaru.
  3651 | D:4      | Found an opulent altar of Gozag.
  3660 | D:4      | Became a worshipper of Warmaster Okawaru
  3749 | D:4      | Reached skill level 1 in Evocations
  4116 | D:4      | Noticed Pikel
  4134 | D:4      | Killed Pikel
  4134 | D:4      | Reached * piety under Okawaru
  4135 | D:4      | Reached XP level 8. HP: 39/48 MP: 8/8
  4141 | D:5      | Entered Level 5 of the Dungeon
  4141 | D:5      | Found a glowing golden altar of the Shining One.
  4141 | D:5      | Found a hide-covered altar of Uskayaw.
  4141 | D:5      | Found a glowing silver altar of Zin.
  4203 | D:5      | Found Lorchi's Assorted Antiques.
  4232 | D:5      | Found Culin's General Store.
  4261 | D:5      | Found Vureri's Armour Shoppe.
  4278 | D:5      | Found an iron altar of Okawaru.
  4289 | D:5      | Reached skill level 5 in Fighting
  4822 | D:5      | Found Opnon's Distillery.
  4878 | D:6      | Reached skill level 1 in Invocations
  4887 | D:6      | Reached skill level 5 in Long Blades
  4988 | D:6      | Noticed Edmund
  4991 | D:6      | Killed from afar by an orc priest

Illustrated notes

Levels and vault maps discovered:
D:1:      lightli_arrival_quake, layout_rooms, serial_rivers,
          chequers_serial_rivers_large_a, chequers_serial_rivers_small_b,
          chequers_serial_rivers_micro_e, chequers_serial_rivers_marsh,
          chequers_serial_rivers_marsh
D:2:      minmay_alternating_diamond, layout_loops_ring,
          lemuel_coloured_pillars_altar, guppyfry_early_lair_pool
D:3:      layout_basic, chequers_serial_rivers_micro_d, minmay_misc_feat_plants,
          nicolae_ru_path_of_blood, uniq_robin, uniq_natasha
D:4:      layout_loops_cross, grunt_temple_overflow_open, lemuel_crystal_altar,
          uniq_ijyb, uniq_pikel
D:5:      layout_rooms, chequers_temple_overflow_statue_of_worship, basic_altar,
          serial_shops, shop, shop, shop, shop
D:6:      layout_basic, minmay_temple_entry_trees, uniq_edmund

Skill      XL: |  1  2  3  4  5  6  7  8 |
---------------+-------------------------+-----
Long Blades    | 2 3 4 5 |  5.1
Armour         | 4 5 6 |  6.7
Shields        | 4 5 6 |  6.6
Fighting       | 4 5 |  5.2
Evocations     | 1 2 |  2.3
Invocations    | 1 |  1.3

Action                   |  1- 3 |  4- 6 |  7- 9 || total
-------------------------+-------+-------+-------++-------
Melee: Long sword        |    88 |   217 |   244 ||   549
Invok: Heroism           |       |       |     4 ||     4
  Use: Scroll            |     6 |     3 |     3 ||    12
       Potion            |       |     2 |     3 ||     5
Armor: Scale mail        |    40 |    32 |       ||    72
       Chain mail        |       |   102 |   128 ||   230
Dodge: Dodged            |    17 |    97 |    87 ||   201
Block: Kite shield       |    39 |   145 |   140 ||   324
       Rpst.: Long sword |     4 |    27 |    30 ||    61

Table legend: (Time is in decaauts)
 A = Elapsed time spent in this place.
 B = Non-inter-level travel time spent in this place.
 C = Inter-level travel time spent in this place.
 D = Time resting spent in this place.
 E = Time spent auto-exploring this place.
 F = Levels seen in this place.
 G = Mean time per level.
                   A        B        C        D        E       F      G
               +--------+--------+--------+--------+--------+-----+--------+
         Total |   5221 |   5149 |     72 |    239 |   3579 |   6 |  870.2 |
       Dungeon |   5221 |   5149 |     72 |    239 |   3579 |   6 |  870.2 |
               +--------+--------+--------+--------+--------+-----+--------+

Top non-repeatable levels by time:
     D:3: 1224 daAuts
     D:4: 1159 daAuts
     D:2: 1057 daAuts
     D:1: 897 daAuts
     D:5: 733 daAuts
     D:6: 148 daAuts
